 Dungeon Crawl Stone Soup version 0.24-a0-809-g71cb82dfb8 (webtiles) character file.

Game seed: 507791712255687028, levelgen mode: deterministic

292 Kae the Insei (level 6, 0/47 HPs)
             Began as a Demonspawn Monk on Oct 11, 2019.
             Succumbed to a scorpion's poison
             ... on level 4 of the Dungeon.
             The game lasted 00:02:38 (2635 turns).

Kae the Insei (Demonspawn Monk)                     Turns: 2635, Time: 00:02:39

Health: 0/47       AC:  9    Str: 11    XL:     6   Next: 10%
Magic:  5/6        EV: 13    Int: 12    God:
Gold:   115        SH:  0    Dex: 15    Spells: 5/5 levels left

rFire    + . .     SeeInvis .     - Unarmed
rCold    . . .     Gourm    .   (no shield)
rNeg     . . .     Faith    .   a - +0 robe
rPois    .         Spirit   +   (no helmet)
rElec    .         Reflect  .   (no cloak)
rCorr    .         Harm     .   (no gloves)
MR       .....     Clarity  +   e - +0 pair of boots
Stlth    ++........             (no amulet)
HPRegen  0.15/turn              (no ring)
MPRegen  0.10/turn              (no ring)

@: lethally poisoned (0 -> -1), sanguine armour
A: hooves 1, clarity, clumsy 1, fire resistance 1, wild magic 1, magic shield,
sanguine armour 1
a: no special abilities


You were on level 4 of the Dungeon.
You were hungry.

You visited 1 branch of the dungeon, and saw 4 of its levels.

You collected 115 gold pieces.

Inventory:

Missiles
 h - 3 boomerangs (quivered)
Armour
 a - a +0 robe (worn)
 e - a +0 pair of boots (worn)
Scrolls
 d - a scroll of amnesia
 f - 3 scrolls of identify
Comestibles
 b - 5 rations
 g - 3 chunks of flesh


   Skills:
 - Level 3.0 Fighting
 - Level 2.6 Dodging
 - Level 1.7 Stealth
 + Level 6.3 Unarmed Combat


You had 5 spell levels left.
You didn't know any spells.
Your spell library was empty.

Dungeon Overview and Level Annotations

Branches:
Dungeon (3/15)

Altars:
Elyvilon
Makhleb
Nemelex Xobeh
Uskayaw


Innate Abilities, Weirdness & Mutations

You have large cloven feet.
When hurt, damage is shared between your health and your magic reserves.
When seriously injured, your bleeding wounds create armour. (AC +6)
You possess an exceptional clarity of mind.
You are clumsy. (Dex -2)
Your flesh is heat resistant. (rF+)
Your spells are a little harder to cast, but a little more powerful.


Message History

* * * LOW HITPOINT WARNING * * *
You feel sick.
* * * LOW HITPOINT WARNING * * *
You feel sick.
* * * LOW HITPOINT WARNING * * *
You feel sick.
* * * LOW HITPOINT WARNING * * *
You feel sick.
* * * LOW HITPOINT WARNING * * *
You feel sick.
* * * LOW HITPOINT WARNING * * *
You feel sick.
* * * LOW HITPOINT WARNING * * *
You feel sick.
* * * LOW HITPOINT WARNING * * *
You feel sick.
* * * LOW HITPOINT WARNING * * *
You feel sick.
You are feeling hungry.
You die...

......### ##.......#
........#####.......#
...................##
##................##
.##......##.......#
........######...##
_รทรท.....# ###.#
.....#..## ###...#
.#.###...###....@##
#### ##.......##..###
#....#####....#
#..### #....#.# ##.##
##....# # #..#
##.....# .#..#
##..#...#
....####...#...#
......#........#


There were no monsters in sight!

Vanquished Creatures
  An ogre (D:4)
  A scorpion (D:4)
  2 hounds (D:4)
  Jessica (D:2)
  An iguana (D:2)
  An ooze (D:3)
  2 dart slugs
  A leopard gecko (D:2)
  4 orcs
  4 goblins
  4 hobgoblins (D:2)
  A kobold (D:1)
  2 quokkas (D:2)
  2 ball pythons (D:2)
  5 bats
  A frilled lizard (D:2)
  10 rats
43 creatures vanquished.

Notes
Turn   | Place    | Note
-------+----------+-------------------------------------------
     0 | D:1      | Kae the Demonspawn Monk began the quest for the Orb.
     0 | D:1      | Reached XP level 1. HP: 18/18 MP: 1/1
   236 | D:1      | Reached skill level 3 in Unarmed Combat
   435 | D:1      | Gained mutation: When hurt, damage is shared between your
                  | health and your magic reserves. [demonic ancestry]
   435 | D:1      | Reached XP level 2. HP: 22/24 MP: 2/2
  1158 | D:2      | Reached skill level 4 in Unarmed Combat
  1158 | D:2      | Reached XP level 3. HP: 13/29 MP: 3/3
  1559 | D:2      | Found a white marble altar of Elyvilon.
  1640 | D:2      | Found a sparkling altar of Nemelex Xobeh.
  1640 | D:2      | Noticed Jessica
  1648 | D:2      | Killed Jessica
  1648 | D:2      | Gained mutation: When seriously injured, your bleeding
                  | wounds create armour. (AC +6) [demonic ancestry]
  1648 | D:2      | Reached XP level 4. HP: 33/35 MP: 4/4
  2124 | D:3      | You fall into a shaft and drop 1 floor!
  2179 | D:4      | Noticed an ogre
  2199 | D:4      | Killed an ogre
  2199 | D:4      | Reached skill level 5 in Unarmed Combat
  2199 | D:4      | Gained mutation: You have large cloven feet. [demonic
                  | ancestry]
  2199 | D:4      | Reached XP level 5. HP: 13/41 MP: 2/5
  2364 | D:4      | Found a hide-covered altar of Uskayaw.
  2442 | D:4      | Found a burning altar of Makhleb.
  2467 | D:4      | Reached skill level 6 in Unarmed Combat
  2606 | D:4      | Reached XP level 6. HP: 12/47 MP: 2/6
  2607 | D:4      | Gained mutation: You are clumsy. (Dex -2) [potion of
                  | mutation]
  2607 | D:4      | Gained mutation: Your spells are a little harder to cast,
                  | but a little more powerful. [potion of mutation]
  2607 | D:4      | Gained mutation: You possess an exceptional clarity of
                  | mind. [potion of mutation]
  2607 | D:4      | Gained mutation: Your flesh is heat resistant. (rF+)
                  | [potion of mutation]
  2621 | D:4      | HP: 2/47 [poisoned by a scorpion]
  2627 | D:4      | HP: 1/47 [poisoned by a scorpion]
  2635 | D:4      | Succumbed to a scorpion's poison

Levels and vault maps discovered:
D:1:      minmay_arrival_arboretum_small, layout_loops_ring,
          kennysheep_another_room
D:2:      layout_basic, lemuel_coloured_pillars_altar, first_ration,
          nemelex_lonely_heart_becter
D:3:      layout_basic, kennysheep_slug_shrine, serial_bayou_pond_a
D:4:      layout_layer_cave, lemuel_crystal_altar, kb_xom_exploding_sheep,
          gammafunk_temple_overflow_pools, minmay_stone_trees_medium,
          makhleb_heckhound_becter, uniq_natasha, uniq_edmund

Skill      XL: |  1  2  3  4  5 |
---------------+----------------+-----
Unarmed Combat | 3 4 5 6 |  6.3
Fighting       | |  3.0
Dodging        | |  2.6
Stealth        | |  1.7

Action                   |  1- 3 |  4- 6 || total
-------------------------+-------+-------++-------
Melee: Unarmed           |    94 |    84 ||   178
       Punch             |     2 |     2 ||     4
  Use: Scroll            |     6 |     3 ||     9
       Potion            |       |     2 ||     2
 Stab: Sleeping          |     6 |     1 ||     7
       Distracted        |       |     1 ||     1
  Eat: Chunk             |     2 |     3 ||     5
Armor: Robe              |    36 |     8 ||    44
Dodge: Dodged            |    91 |    39 ||   130

Table legend:
 A = Non-vault XP
 B = Vault XP
 C = Vault XP percentage of total XP
 D = Non-vault monster count
 E = Vault monster count
 F = Vault count percentage of total count
                 A         B        C        D         E       F
            +---------+---------+-------+---------+---------+-------
      Total |     338 |      80 |  19.1 |      41 |       2 |   4.7
            +---------+---------+-------+---------+---------+-------
        D:1 |      16 |       0 |   0.0 |       9 |       0 |   0.0
        D:2 |      70 |      37 |  34.6 |      21 |       1 |   4.5
        D:3 |      20 |       0 |   0.0 |       7 |       0 |   0.0
        D:4 |     232 |      43 |  15.6 |       4 |       1 |  20.0
            +---------+---------+-------+---------+---------+-------
